 Dungeon Crawl Stone Soup version 0.19.0-22-gd96e5fe (webtiles) character file.

84 Bekkur the Stinger (level 4, -2/30 HPs)
             Began as a Demonspawn Venom Mage on Nov 18, 2016.
             Slain by a hound (3 damage)
             ... on level 3 of the Dungeon.
             The game lasted 00:13:32 (2378 turns).

Bekkur the Stinger (Demonspawn Venom Mage)          Turns: 2378, Time: 00:13:32

Health: -2/30      AC:  5    Str:  8    XL:     4   Next: 24%
Magic:  5/8        EV: 10    Int: 18    God:
Gold:   96         SH:  0    Dex: 13    Spells: 2 memorised, 4 levels left

rFire  . . .     SeeInvis .     p - +0 spear
rCold  . . .     Gourm    .     r - +0 ring mail
rNeg   . . .     Faith    .     (no shield)
rPois  .         Spirit   .     (helmet restricted)
rElec  .         Reflect  .     (no cloak)
rCorr  +         Harm     .     (no gloves)
MR     .....                    (no boots)
Stlth  ++........               (no amulet)
                                (no ring)
                                d - ring of resist corrosion

@: no status effects
A: horns 1, talons 1, nightstalker 1
a: no special abilities


You were on level 3 of the Dungeon.
You were not hungry.

You visited 1 branch of the dungeon, and saw 3 of its levels.

You collected 96 gold pieces.

Inventory:

Hand Weapons
 j - a +0 dagger
 p - a +0 spear (weapon)
 q - a +0 flail of protection
Armour
 a - a +1 robe
 r - a +0 ring mail (worn)
Jewellery
 d - a ring of resist corrosion (left hand)
Scrolls
 h - a scroll of fog
 n - 2 scrolls of enchant armour
Potions
 e - a potion of brilliance {unknown}
 m - a potion of heal wounds
Books
 b - a Young Poisoner's Handbook

   Spells                             Type                      Level
   a - Sting                          Conjuration/Poison           1
   b - Mephitic Cloud                 Conjuration/Poison/Air       3
   c - Olgreb's Toxic Radiance        Poison                       4
   d - Alistair's Intoxication        Transmutation/Poison         5
   e - Venom Bolt                     Conjuration/Poison           5
 o - a book of Changes

   Spells                             Type                      Level
   a - Beastly Appendage              Transmutation                1
   b - Sticks to Snakes               Transmutation                2
   c - Spider Form                    Transmutation/Poison         3
   d - Ice Form                       Ice/Transmutation            4
   e - Blade Hands                    Transmutation                5
Comestibles
 c - 3 bread rations
 f - 4 chunks of flesh
 g - a meat ration
 k - a beef jerky
 l - 5 fruits


   Skills:
 - Level 1.7 Dodging
 - Level 1.7 Stealth
 + Level 3.2 Spellcasting
 - Level 5.0 Poison Magic


You had 4 spell levels left.
You knew the following spells:

 Your Spells              Type           Power        Failure   Level  Hunger
a - Sting                 Conj/Pois      ##..         21%         1    None
b - Olgreb's Toxic Radia  Pois           ###.....     73%         4    ####...


Dungeon Overview and Level Annotations

Branches:
Dungeon (3/15)

Altars:
Gozag
Makhleb
Xom


Innate Abilities, Weirdness & Mutations

You have a pair of small horns on your head.
You have sharp toenails.
You are slightly more attuned to the shadows.


Message History

The hound closely misses you.
Casting: Sting
Confirm with . or Enter, or press ? or * to list all spells.
Aiming: Sting
Press: ? - help, Shift-Dir - straight line, f/p - hound
Aim: a hound (moderately wounded)
The sting hits the hound.
The hound is heavily wounded.
The hound bites you.
* * * LOW HITPOINT WARNING * * *
You are too injured to fight recklessly!
You are too injured to fight recklessly!
You closely miss the hound.
The hound is heavily wounded.
The hound bites you but does no damage. x2
You completely miss the hound. Your kick misses the hound.
Your headbutt misses the hound.
The hound is heavily wounded.
The hound bites you.
You die...

#...............#
#...............#
#..............>#
#...............#
.######...............#
...............##...#..
................###....
....#..........# ##...
### #@.........# ...
#...h..<.......# ..#
.....##......... .#
####. ##....... #
...... ...## #..


You could see a hound.

Vanquished Creatures
  The ghost of Vesto the Magician, a weakling OpWz (D:3)
  An adder (D:2)
  4 worms (D:2)
  2 dart slugs (D:1)
  2 leopard geckos (D:1)
  A ball python (D:2)
  6 bats
  4 giant cockroaches
  3 goblins
  5 hobgoblins
  A quokka (D:3)
  A frilled lizard (D:2)
  9 kobolds
  3 rats (D:2)
43 creatures vanquished.

Notes
Turn   | Place    | Note
-------+----------+-------------------------------------------
     0 | D:1      | Bekkur the Demonspawn Venom Mage began the quest for the Orb.
     0 | D:1      | Reached XP level 1. HP: 13/13 MP: 3/3
   347 | D:1      | Gained mutation: You have a pair of small horns on your head. [demonic ancestry]
   347 | D:1      | Reached XP level 2. HP: 19/19 MP: 0/5
  1097 | D:2      | Reached skill level 5 in Poison Magic
  1140 | D:2      | Gained mutation: You have sharp toenails. [demonic ancestry]
  1140 | D:2      | Reached XP level 3. HP: 24/24 MP: 3/6
  1224 | D:2      | Found a shimmering altar of Xom.
  1776 | D:2      | Found an opulent altar of Gozag.
  2206 | D:3      | Gained mutation: You are slightly more attuned to the shadows. [demonic ancestry]
  2206 | D:3      | Reached XP level 4. HP: 28/30 MP: 3/8
  2248 | D:3      | Learned a level 4 spell: Olgreb's Toxic Radiance
  2261 | D:3      | Noticed Vesto's ghost (weakling OpWz)
  2310 | D:3      | Killed Vesto's ghost
  2315 | D:3      | Found a burning altar of Makhleb.
  2376 | D:3      | HP: 1/30 [hound (4)]
  2378 | D:3      | Slain by a hound

Skill      XL: |  1  2  3  4 |
---------------+-------------+-----
Poison Magic   | 5 |  5.0
Spellcasting   | 3 |  3.2
Dodging        | |  1.7
Stealth        | |  1.7

Action                   |  1- 3 |  4- 6 || total
-------------------------+-------+-------++-------
Melee: Unarmed           |     4 |       ||     4
       Dagger            |    32 |       ||    32
       Headbutt          |     4 |     1 ||     5
       Spear             |     3 |    50 ||    53
       Kick              |     1 |     7 ||     8
 Cast: Sting             |    85 |     3 ||    88
  Use: Scroll            |     5 |       ||     5
       Potion            |       |     2 ||     2
 Stab: Sleeping          |     1 |       ||     1
  Eat: Chunk             |     5 |     1 ||     6
Armor: Robe              |    15 |       ||    15
       Ring mail         |       |    22 ||    22
Dodge: Dodged            |    45 |    30 ||    75
